 Dungeon Crawl Stone Soup version 0.31-a0-538-gbc85326fa9 (webtiles) character file.

Game seed: 13606041569901276750

133 LeprechaunX the Ruffian (level 5, -3/52 HPs)
             Began as an Octopode Shapeshifter on Aug 14, 2023.
             Slain by Menkaure (5 damage)
             ... on level 4 of the Dungeon.
             The game lasted 00:02:27 (1948 turns).

LeprechaunX the Ruffian (Octopode Shapeshifter)     Turns: 1948, Time: 00:02:28

Health: -3/52      AC: 22    Str: 16    XL:     5   Next: 16%
Magic:  5/5        EV:  2    Int: 11    God:
Gold:   77         SH:  0    Dex: 18    Spells: 4/4 levels left

rFire   . .          .
                       - Unarmed
rCold   . . .        (no shield)
rNeg    . . .        (helmet currently unavailable)
rPois   +            (no amulet)
rElec   .            i - +6 ring of dexterity
rCorr   .            (no ring)
SInv    .            (no ring)
Will    .....        (no ring)
Stlth   ++           (no ring)
HPRegen 0.28/turn    (no ring)
MPRegen 0.09/turn    (no ring)
                     (no ring)

%: no passive effects
@: tree-form
A: stationary, stasis, torment immunity, boosted hp, almost no armour,
(amphibious), 8 rings, (camouflage 1), (gelatinous body 1), (nimble swimmer 1),
(tentacles)
a: no special abilities


You were on level 4 of the Dungeon.
You were a tree.
You visited 1 branch of the dungeon, and saw 4 of its levels.

You collected 77 gold pieces.

Inventory:

Armour
 o - a +2 hat
Jewellery
 i - a +6 ring of dexterity (left branch)
 n - a +4 ring of slaying
Talismans
 b - a beast talisman
 c - a flux talisman
Scrolls
 d - 2 scrolls of identify {unknown}
 f - a scroll of revelation {unknown}
 g - a scroll of immolation {unknown}
 j - a scroll of brand weapon {unknown}
 k - 2 scrolls of amnesia {unknown}
 p - a scroll of torment {unknown}
 s - a scroll of teleportation {unknown}
 t - a scroll of enchant weapon {unknown}
Potions
 e - 2 potions of heal wounds {unknown}
 h - 3 potions of experience {unknown}
 l - a potion of mutation {unknown}
 m - 2 potions of curing {unknown}
 q - a potion of might {unknown}
 r - a potion of resistance {unknown}


   Skills:
 + Level 2.4 Fighting
 + Level 3.0 Dodging
 + Level 3.9 Unarmed Combat
 + Level 3.6 Shapeshifting


You had 4 spell levels left.
You didn't know any spells.
Your spell library contained the following spells:

 Spells                   Type           Power      Damage    Failure   Level
 Magic Dart               Conj           0%         1d3       34%         1
 Sandblast                Erth           0%         2d4       34%         1
 Passwall                 Tmut/Erth      0%         N/A       47%         2
 Scorch                   Fire           0%         2d5       47%         2
 Searing Ray              Conj           0%         2d4       47%         2
 Call Canine Familiar     Summ           0%         N/A       71%         3
 Dazzling Flash           Conj/Hex       0%         N/A       71%         3
 Portal Projectile        Hex/Tloc       0%         N/A       71%         3
 Stone Arrow              Conj/Erth      0%         3d7       71%         3
 Flame Wave               Conj/Fire      0%         2d4       98%         4
 Fulminant Prism          Conj/Hex       0%         3d5       98%         4
 Leda's Liquefaction      Hex/Erth       0%         N/A       98%         4
 Agony                    Necr           0%         N/A       100%        5
 Silence                  Hex/Air        0%         N/A       100%        5
 Summon Cactus Giant      Summ           0%         N/A       100%        6


Dungeon Overview and Level Annotations

Branches:
Dungeon (4/15)
 Temple: D:4-7

Altars:
Zin

Shops:
D:2 ?

Annotations:
D:4 Menkaure


Innate Abilities, Weirdness & Mutations

You are a tree.
Your roots penetrate the ground, keeping you stationary.
You cannot be teleported.
You are immune to unholy pain and torment.
Your maximum health is greatly increased.
You cannot wear most types of armour.
((You are amphibious.))
You can wear up to eight rings at the same time.
((Your skin changes colour to match your surroundings (Stealth+).))
((Your rubbery body absorbs attacks. (AC +1, EV +1)))
((You are camouflaged when in or above water. (Stealth+)))
((You have tentacles for arms and can constrict up to eight enemies at once.))


Message History

The orc wizard closely misses you. The orc closely misses you.
Menkaure calls on the powers of darkness!
The orc convulses!
The orc wizard convulses!
The orc convulses!
Your body is wracked with pain!
The orc convulses!
The orc attacks as you move away! The orc hits you with a +0 club.
The orc hits you with a +0 hand axe.
* * * LOW HITPOINT WARNING * * *
The orc wizard hits you with a +0 dagger.
* * * LOW HITPOINT WARNING * * *
Unknown command.
Your transformation has ended.
You turn into a tree.
Your roots penetrate the ground.
You feel less confused. The orc completely misses you.
The orc hits you but does no damage. x2
The orc wizard hits you but does no damage.
You smack the orc wizard!
You kill the orc wizard!
The orc hits you but does no damage. x3
Menkaure's bandages flutter.
Menkaure hits you but does no damage.
Your Dodging skill increases to level 3!
You swing at nothing.
The orc hits you but does no damage. The orc barely misses you.
The orc hits you but does no damage. Menkaure hits you.
* * * LOW HITPOINT WARNING * * *
You smack Menkaure!
Menkaure is heavily damaged.
The orc hits you but does no damage. The orc barely misses you. x2
Menkaure mumbles some strange words.
Menkaure seems to speed up.
You barely miss Menkaure.
Menkaure is heavily damaged.
The orc hits you but does no damage. x2; The orc hits you with a +0 hand axe.
* * * LOW HITPOINT WARNING * * *
Menkaure hits you but does no damage.
You barely miss Menkaure.
Menkaure is heavily damaged.
An orc comes into view. It is wielding a +0 mace.
The orc hits you but does no damage. x3; Menkaure hits you.
You die...

#.# #...##.# #.#
#...##.#
#.####...##.#######
#..................
#.#########.####### #.#
#.####### ..# #.......#
#[###############o#####
#...............♣o....#
........#######Mo).!..#
........# #.......#
........# .o.#+#####
........# .###
........# .. ........#
. ........# ........


You could see Menkaure (fast) and 4 orcs.

Vanquished Creatures
  A hound (D:4)
  An orc wizard (D:4)
  2 adders (D:2)
  2 dart slugs
  5 orcs (D:3)
  3 ball pythons
  9 endoplasms
  6 goblins
  8 hobgoblins
  2 jackals (D:3)
  2 quokkas
  4 bats
  7 frilled lizards
  4 kobolds
  3 rats (D:1)
59 creatures vanquished.

Notes
Turn   | Place    | Note
-------+----------+-------------------------------------------
     0 | D:1      | LeprechaunX the Octopode Shapeshifter began the quest for
                  | the Orb.
     0 | D:1      | Reached XP level 1. HP: 13/13 MP: 1/1
    82 | D:1      | Reached XP level 2. HP: 18/18 MP: 2/2
   383 | D:1      | Reached XP level 3. HP: 20/23 MP: 3/3
  1062 | D:2      | Reached XP level 4. HP: 11/29 MP: 4/4
  1166 | D:2      | Found a glowing silver altar of Zin.
  1319 | D:2      | Found Noonn's Magic Scroll Shop.
  1883 | D:4      | Reached XP level 5. HP: 27/34 MP: 5/5
  1938 | D:4      | Noticed Menkaure
  1945 | D:4      | HP: 2/52 [Menkaure (6)]
  1948 | D:4      | Slain by Menkaure

Illustrated notes

Levels and vault maps discovered:
D:1:      dpeg_arrival_court, layout_loops_ring, minivault_11,
          minmay_split_cup_small
D:2:      layout_loops_ring, basic_altar, serial_shops, nicolae_lakefront_shop
D:3:      layout_rooms
D:4:      minmay_diamond_boxcup, layout_basic,
          minmay_temple_entry_statues_pillars, gammafunk_ghost_grave,
          roderic_lattice_a, uniq_menkaure, uniq_duvessa

Skill      XL: |  1  2  3  4  5 |
---------------+----------------+-----
Fighting       | 2 |  2.4
Dodging        | 3 |  3.0
Unarmed Combat | |  3.9
Shapeshifting  | |  3.6

Action                     |  1- 3 |  4- 6 || total
---------------------------+-------+-------++-------
  Melee: Unarmed           |    52 |    41 ||    93
         Constrict         |    12 |     6 ||    18
         Tentacles         |     7 |     6 ||    13
    Use: Potion            |       |     1 ||     1
   Stab: Sleeping          |     9 |     4 ||    13
         Distracted        |       |     1 ||     1
 Armour: Skin              |     3 |    19 ||    22
  Dodge: Dodged            |    30 |    30 ||    60

Table legend: (Time is in decaauts)
 A = Elapsed time spent in this place.
 B = Non-inter-level travel time spent in this place.
 C = Inter-level travel time spent in this place.
 D = Time resting spent in this place.
 E = Time spent auto-exploring this place.
 F = Levels seen in this place.
 G = Mean time per level.
                   A        B        C        D        E       F      G
               +--------+--------+--------+--------+--------+-----+--------+
         Total |   1942 |   1899 |     43 |     86 |   1487 |   4 |  485.5 |
       Dungeon |   1942 |   1899 |     43 |     86 |   1487 |   4 |  485.5 |
               +--------+--------+--------+--------+--------+-----+--------+

Top non-repeatable levels by time:
     D:1: 730 daAuts
     D:2: 652 daAuts
     D:3: 450 daAuts
     D:4: 109 daAuts
